 Dungeon Crawl Stone Soup version 0.19.1 (webtiles) character file.

3476 sveltemanboy the Basher (level 10, 0/56 HPs)
             Began as a Gargoyle Monk on Dec 23, 2016.
             Was a High Priest of Okawaru.
             Slain by a centaur (7 damage)
             ... on level 8 of the Dungeon.
             The game lasted 00:19:57 (7139 turns).

sveltemanboy the Basher (Gargoyle Monk)             Turns: 7139, Time: 00:19:58

Health: 0/56       AC: 15    Str: 23    XL:     10   Next: 6%
Magic:  10/11      EV: 13    Int: 18    God:    Okawaru [*****.]
Gold:   371        SH:  0    Dex:  9    Spells: 0 memorised, 9 levels left

rFire  . . .     SeeInvis .     w - +0 flail
rCold  . . .     Gourm    .     y - +1 ring mail {rN+}
rNeg   + + .     Faith    +     (no shield)
rPois  ∞         Spirit   .     (no helmet)
rElec  +         Reflect  .     d - +0 cloak
rCorr  .         Harm     .     B - +0 pair of gloves
MR     .....                    (no boots)
Stlth  ++........               t - amulet of faith
                                A - ring of the Griffon {*Slow EV+2 Int+7 Dex-3 Stlth+}
                                f - +5 ring of strength

@: no status effects
A: negative energy resistance 1, electricity resistance, unbreathing,
petrification resistance, rot immunity, AC +7
a: Heroism, Finesse, Renounce Religion


You were on level 8 of the Dungeon.
You worshipped Okawaru.
Okawaru was extremely pleased with you.
You were not hungry.

You visited 1 branch of the dungeon, and saw 8 of its levels.

You collected 371 gold pieces.

Inventory:

Hand Weapons
 w - a +0 flail (weapon)
Armour
 d - a +0 cloak (worn)
 y - a +1 ring mail of positive energy (worn)
 B - a +0 pair of gloves (worn)
 C - a +0 buckler
Jewellery
 b - an uncursed ring of fire
 f - a +5 ring of strength (left hand)
 r - an uncursed ring of flight
 s - a +3 ring of evasion
 t - an amulet of faith (around neck)
 A - the ring of the Griffon (right hand) {*Slow EV+2 Int+7 Dex-3 Stlth+}
   (You found it on level 6 of the Dungeon)

   [ring of evasion]

   It affects your evasion (+2).
   It affects your intelligence (+7).
   It affects your dexterity (-3).
   It may slow you when you take damage.
   It makes you more stealthy.
Wands
 z - a wand of iceblast (4/15)
 G - a wand of digging (14/24)
Scrolls
 i - a scroll of remove curse
 u - 2 scrolls of enchant weapon
 v - 3 scrolls of identify
 E - a scroll of teleportation
 F - a scroll of magic mapping
Potions
 a - a potion of haste
 e - 3 potions of flight
 g - 2 potions of mutation
 h - 3 potions of brilliance
 k - 2 potions of magic
 l - a potion of cure mutation {unknown}
 n - 2 potions of heal wounds
 q - a potion of ambrosia
 x - a potion of lignification
 D - a potion of curing
Comestibles
 c - 8 bread rations
 j - 7 meat rations
 m - 2 royal jellies
 o - 3 beef jerkies
 p - 12 fruits


   Skills:
 - Level 3.2 Fighting
 + Level 12.7 Maces & Flails
 - Level 2.0 Armour
 - Level 2.4 Dodging
 - Level 2.1 Stealth
 + Level 5.0 Shields
 - Level 2.1 Invocations


You had 9 spell levels left.
You didn't know any spells.

Dungeon Overview and Level Annotations

Branches:
Dungeon (8/15)             Temple (0/1) D:5            Lair (0/6) D:8

Altars:
Gozag
Kikubaaqudgha
Makhleb
Okawaru
Ru
Trog
Xom
Yredelemnul
Zin


Innate Abilities, Weirdness & Mutations

You are resistant to torment.
Your stone body is resilient. (AC +7)
You are immune to poison.
You resist negative energy. (rN+)
You are resistant to electric shocks. (rElec)
You can survive without breathing.
You are immune to petrification.
You are immune to rotting.


Message History

a club x2; a robe; a gnoll corpse x2
You feel like a meek peon again.
The centaur wields a shortbow.
The centaur shoots an arrow.
The arrow barely misses you.
Things that are here:
2 poisoned needles; a howler monkey corpse The centaur shoots an arrow.
The arrow hits you.
* * * LOW HITPOINT WARNING * * *
Items here: ( )) [ †† The centaur shoots an arrow.
The arrow hits you but does no damage.
Things that are here:
a club; a halberd; a big kobold corpse The centaur unwields an uncursed shortbow.
The centaur hits you.
* * * LOW HITPOINT WARNING * * *
The centaur closely misses you.
Things that are here:
an uncursed blowgun; 9 poisoned needles; 3 stones You hit the centaur but do no damage.
The centaur hits you!
You die...

####### ....... .......
....... ######
.......###########....#
.......c@)(()(((......#
..>....###########....#
# ....... #....# #
....... ####.###
....... #...# #..###.
###.# #.# #. #.# #. #c
#####.. #....).


You could see a centaur.

Vanquished Creatures
  The ghost of asdue the Caller, a novice MfSu of Ashenzari (D:6)
  A hippogriff (D:8)
  An orc warrior (D:4)
  2 ice beasts
  3 black bears (D:7)
  2 centaurs
  A big kobold (D:8)
  Blork the orc (D:6)
  5 bullfrogs
  2 scorpions
  5 howler monkeys
  3 crimson imps
  A bullfrog zombie (D:6)
  5 jellies
  3 orc priests
  A centaur skeleton (D:8)
  8 hounds
  A gnoll shaman (D:8)
  Crazy Yiuf (D:5)
  Ijyb (D:3)
  A bullfrog skeleton (D:8)
  4 iguanas
  7 orc wizards
  7 worker ants
  A killer bee zombie (D:8)
  A hound zombie (D:8)
  A worker ant zombie (D:7)
  A howler monkey zombie (D:5)
  9 gnolls
  7 adders
  2 oozes
  2 adder skeletons
  3 worms
  4 leopard geckos
  22 orcs
  10 giant cockroaches
  2 gnoll zombies (D:5)
  15 goblins
  11 hobgoblins
  7 jackals
  2 quokkas
  A ball python (D:1)
  9 bats
  A frilled lizard (D:2)
  A giant cockroach zombie (D:5)
  A jackal skeleton (D:4)
  13 kobolds
  4 rats
197 creatures vanquished.

Notes
Turn   | Place    | Note
-------+----------+-------------------------------------------
     0 | D:1      | sveltemanboy the Gargoyle Monk began the quest for the Orb.
     0 | D:1      | Reached XP level 1. HP: 14/14 MP: 1/1
   231 | D:1      | Reached XP level 2. HP: 19/19 MP: 2/2
   363 | D:1      | Reached skill level 1 in Armour
   743 | D:1      | Reached XP level 3. HP: 23/23 MP: 3/3
  1119 | D:2      | Reached skill level 4 in Maces & Flails
  1128 | D:2      | Found an iron altar of Okawaru.
  1134 | D:2      | Found a glowing silver altar of Zin.
  1135 | D:2      | Found an ancient bone altar of Kikubaaqudgha.
  1138 | D:2      | Became a worshipper of Warmaster Okawaru
  1138 | D:2      | Reached * piety under Okawaru
  1138 | D:2      | Reached ** piety under Okawaru
  1343 | D:2      | Reached XP level 4. HP: 27/28 MP: 4/4
  1412 | D:2      | Found a burning altar of Makhleb.
  1738 | D:3      | Reached skill level 1 in Invocations
  1749 | D:3      | Found an opulent altar of Gozag.
  1834 | D:3      | Found a sacrificial altar of Ru.
  2027 | D:3      | Noticed Ijyb
  2044 | D:3      | Killed Ijyb
  2044 | D:3      | Reached XP level 5. HP: 31/32 MP: 4/6
  2236 | D:3      | Reached skill level 5 in Maces & Flails
  2568 | D:4      | Reached XP level 6. HP: 33/37 MP: 7/7
  2841 | D:4      | Reached skill level 6 in Maces & Flails
  2895 | D:4      | Noticed an orc warrior
  2949 | D:4      | Killed an orc warrior
  2977 | D:4      | Reached *** piety under Okawaru
  2982 | D:4      | Reached skill level 7 in Maces & Flails
  2982 | D:4      | Reached XP level 7. HP: 19/41 MP: 8/8
  3253 | D:5      | Entered Level 5 of the Dungeon
  3330 | D:5      | Received a gift from Okawaru
  3343 | D:5      | Found a staircase to the Ecumenical Temple.
  3355 | D:5      | Reached skill level 8 in Maces & Flails
  3524 | D:5      | Reached XP level 8. HP: 41/46 MP: 9/9
  3693 | D:5      | Reached skill level 9 in Maces & Flails
  4095 | D:5      | Found a basalt altar of Yredelemnul.
  4286 | D:5      | Found a runed door.
  4376 | D:5      | Noticed Crazy Yiuf
  4387 | D:5      | Killed Crazy Yiuf
  4454 | D:6      | Reached **** piety under Okawaru
  4472 | D:6      | Got a fine lapis lazuli ring
  4474 | D:6      | Identified the ring of the Griffon {*Slow EV+2 Int+7 Dex-3 Stlth+} (You found it on level 6 of the Dungeon)
  4544 | D:6      | Noticed asdue's ghost (novice MfSu)
  4574 | D:6      | Killed asdue's ghost
  4574 | D:6      | Reached skill level 10 in Maces & Flails
  4763 | D:6      | Noticed Blork the orc
  4779 | D:6      | Killed Blork the orc
  4889 | D:6      | Reached XP level 9. HP: 40/51 MP: 10/10
  5009 | D:6      | Reached skill level 11 in Maces & Flails
  6173 | D:7      | Reached skill level 12 in Maces & Flails
  6319 | D:7      | You fall through a shaft!
  6345 | D:8      | Reached skill level 1 in Shields
  6369 | D:8      | Reached ***** piety under Okawaru
  6502 | D:7      | Found a bloodstained altar of Trog.
  6604 | D:7      | Found a shimmering altar of Xom.
  6780 | D:8      | Found a staircase to the Lair.
  7125 | D:8      | Reached XP level 10. HP: 16/56 MP: 9/11
  7127 | D:8      | Reached skill level 5 in Shields
  7139 | D:8      | Slain by a centaur

Skill      XL: |  1  2  3  4  5  6  7  8  9 10 |
---------------+-------------------------------+-----
Armour         | 1 2 |  2.0
Maces & Flails | 4 5 7 8 10 12 | 12.7
Invocations    | 1 2 |  2.1
Shields        | 4 5 |  5.0
Fighting       | |  3.2
Dodging        | |  2.4
Stealth        | |  2.1

Action                   |  1- 3 |  4- 6 |  7- 9 | 10-12 || total
-------------------------+-------+-------+-------+-------++-------
Melee: Mace              |   122 |   160 |       |       ||   282
       Flail             |       |    19 |   597 |     4 ||   620
Invok: Heroism           |       |     1 |     2 |       ||     3
Evoke: Wand              |       |       |     1 |       ||     1
  Use: Potion            |       |     1 |     1 |       ||     2
       Scroll            |       |       |    17 |       ||    17
 Stab: Sleeping          |     1 |       |     4 |       ||     5
  Eat: Chunk             |     1 |     6 |    14 |       ||    21
Armor: Robe              |     5 |       |       |       ||     5
       Scale mail        |    38 |    83 |    53 |       ||   174
       Ring mail         |       |       |   224 |     1 ||   225
Dodge: Dodged            |    75 |   111 |   353 |     2 ||   541
